 Dungeon Crawl Stone Soup version 0.24.0-41-g2ae2f7f1be (console) character file.

Game seed: 15826649690458166792, levelgen mode: deterministic

4201 Kagalorn the Grappler (level 10, -2/81 HPs)
             Began as a White Draconian Transmuter on Dec 10, 2019.
             Was a Priest of Okawaru.
             Slain by Erica
             ... wielding a +1 scimitar of flaming
              (9 damage)
             ... on level 7 of the Dungeon.
             The game lasted 00:24:28 (8779 turns).

Kagalorn the Grappler (White Draconian Transmuter)  Turns: 8779, Time: 00:24:28

Health: -2/81      AC:  2    Str:  7    XL:     10   Next: 8%
Magic:  15/18      EV: 19    Int: 18    God:    Okawaru [***...]
Gold:   389        SH:  0    Dex: 20    Spells: 12/19 levels left

rFire    . . .     SeeInvis .     - Unarmed
rCold    . . .     Gourm    .   (shield currently unavailable)
rNeg     . . .     Faith    .   (armour unavailable)
rPois    x         Spirit   .   (helmet currently unavailable)
rElec    .         Reflect  .   (cloak currently unavailable)
rCorr    .         Harm     .   (gloves currently unavailable)
MR       .....                  (boots currently unavailable)
Stlth    ++........             r - amulet of the acrobat
HPRegen  0.23/turn              f - -5 ring of strength (curse)
MPRegen  0.16/turn              n - +4 ring of dexterity

@: spider-form, slowed, very slow
A: tiny, (breathe frost), unfitting armour, AC +7
a: End Transformation, Heroism, Renounce Religion


You were on level 7 of the Dungeon.
You worshipped Okawaru.
Okawaru was most pleased with you.
You were hungry.
You were a venomous arachnid creature.
You visited 2 branches of the dungeon, and saw 9 of its levels.

You collected 516 gold pieces.
You spent 127 gold pieces at shops.

Inventory:

Armour
 z - a +1 pair of boots (melded)
Jewellery
 f - a cursed -5 ring of strength (left front leg)
 n - a +4 ring of dexterity (right front leg)
 o - an uncursed ring of resist corrosion
 r - an amulet of the acrobat (around neck)
Wands
 s - a wand of flame (15)
 y - a wand of digging (4)
Scrolls
 a - a scroll of enchant armour
 b - a scroll of fog
 d - a scroll of amnesia
 e - a scroll of immolation {unknown}
 h - a scroll of brand weapon {unknown}
 i - 4 scrolls of enchant weapon
 m - 7 scrolls of teleportation
 p - a scroll of remove curse
 q - a scroll of blinking {unknown}
 v - a scroll of magic mapping {unknown}
 A - a scroll of fear
Potions
 g - 3 potions of heal wounds
 j - 2 potions of might
 k - a potion of berserk rage
 l - 2 potions of flight
 t - a potion of curing
 u - a potion of mutation
 w - a potion of agility
 x - a potion of haste
Comestibles
 c - 10 rations


   Skills:
 - Level 5.0 Fighting
 - Level 1.7 Dodging
 - Level 10.0 Unarmed Combat
 - Level 5.3 Spellcasting
 * Level 6.4 Transmutations
 - Level 4.0 Ice Magic
 - Level 2.0 Poison Magic
 * Level 4.3 Invocations


You had 12 spell levels left.
You knew the following spells:

 Your Spells              Type           Power        Failure   Level  Hunger
b - Spider Form           Tmut/Pois      ###.......   19%         3    ##.....
c - Ice Form              Ice/Tmut       ###.....     34%         4    ####...

Your spell library contained the following spells:

 Spells                   Type           Power        Failure   Level  Hunger
 Beastly Appendage        Tmut           ####..       4%          1    None
 Sticks to Snakes         Tmut           ####....     6%          2    #......
 Sting                    Conj/Pois      #...         22%         1    None
 Poisonous Vapours        Pois/Air       #.....       30%         2    #......
 Blade Hands              Tmut           ####......   47%         5    ######.
 Mephitic Cloud           Conj/Pois/Air  #.......     50%         3    ##.....
 Olgreb's Toxic Radiance  Pois           ##......     71%         4    ####...
 Venom Bolt               Conj/Pois      #.........   98%         5    ######.


Dungeon Overview and Level Annotations

Branches:
Dungeon (8/15)             Temple (1/1) D:4
   Lair: D:8-11

Altars:
Ashenzari
Cheibriados
Dithmenos
Elyvilon
Fedhas
Gozag
Hepliaklqana
Kikubaaqudgha
Makhleb
Nemelex Xobeh
Okawaru
Qazlal
Ru
Sif Muna
Trog
Uskayaw
Vehumet
Wu Jian
Xom
Yredelemnul
Zin
The Shining One

Shops:
D:5 [[=[}   D:7 ?

Annotations:
D:7 Erica


Innate Abilities, Weirdness & Mutations

((You can breathe waves of freezing cold.))
((You can buffet flying creatures when you breathe cold.))
((Your icy white scales are hard. (AC +7)))
You cannot fit into any form of body armour.
((Your flesh is cold resistant. (rC+)))
((You are cold-blooded and may be slowed by cold attacks.))


Message History

Erica flickers and vanishes!
Deactivating autopickup; reactivate with Ctrl-A.
Something hits you! Something burns you.
There is a stone staircase leading up here.
Something hits you but does no damage.
You climb upwards.
Reactivating autopickup.
There is a stone staircase leading down here.
Something hits you. Something burns you.
Deactivating autopickup; reactivate with Ctrl-A.
Casting: Spider Form (safe; 7% risk of failure)
Confirm with . or Enter, or press ? or * to list all spells.
You turn into a venomous arachnid creature.
Your +1 pair of boots melds into your body.
Something hits you! Something burns you.
* * * LOW HITPOINT WARNING * * *
You bite something! Something hits you!
* * * LOW HITPOINT WARNING * * *
Something burns you!
You die...

#####.###.#### #.# #
#............###.## ########
#.###.###.........# #.......
#.# #.# #.##.#.#..#####.####.#
#.# #.# #.....#.........# #.#
#.# #.# #..#.###..####### #.#
#.# #.###...## ##.##########..
#.# #.##.#.#.###..............
#.# #...##...s#...............
#.####.#####.#{##.############
#.....## ##.###.# ######.##
##.####.# ##.###.......#
##.#.######## ##.## ###


There were no monsters in sight!

Vanquished Creatures
  A two-headed ogre (D:7)
  Pikel (D:8)
  Grinder (D:5)
  2 ice beasts
  4 orc warriors
  A sky beast (D:8)
  A phantom (D:7)
  2 centaurs (D:5)
  3 ogres
  2 bullfrogs
  A gnoll sergeant (D:6)
  A wyvern zombie (D:6)
  A water moccasin skeleton (D:6)
  6 scorpions
  3 wights (D:7)
  A howler monkey (D:8)
  A bullfrog zombie (D:7)
  2 crimson imps
  A centaur zombie (D:6)
  A hound (D:7)
  A jelly (D:5)
  A bullfrog skeleton (D:8)
  A gnoll shaman (D:8)
  3 orc priests
  6 orc wizards
  A centaur skeleton (D:6)
  4 worker ants
  An iguana (D:7)
  A mummy (D:6)
  A worker ant zombie (D:7)
  13 adders
  13 gnolls
  A shadow imp (D:5)
  An ooze (D:2)
  An adder skeleton (D:6)
  6 leopard geckos
  21 orcs
  2 giant cockroaches
  4 goblins
  6 hobgoblins
  10 jackals
  5 kobolds
  3 quokkas
  2 ball pythons
  4 bats
  4 frilled lizards
  A leopard gecko skeleton (D:7)
  4 rats
157 creatures vanquished.

Vanquished Creatures (others)
  3 slaves (D:8)
  An orc priest (D:8)
  An adder (D:8)
  An orc (D:8)
  A fungus (D:6)
  4 toadstools (D:6)
11 creatures vanquished.

Grand Total: 168 creatures vanquished

Notes
Turn   | Place    | Note
-------+----------+-------------------------------------------
     0 | D:1      | Kagalorn the Draconian Transmuter began the quest for the
                  | Orb.
     0 | D:1      | Reached XP level 1. HP: 16/16 MP: 3/3
   146 | D:1      | Reached XP level 2. HP: 21/23 MP: 3/5
   675 | D:2      | Found a shadowy altar of Dithmenos.
   705 | D:2      | Reached skill level 4 in Unarmed Combat
   705 | D:2      | Reached XP level 3. HP: 18/29 MP: 4/6
  1087 | D:2      | Reached XP level 4. HP: 21/36 MP: 5/7
  1423 | D:2      | Reached skill level 5 in Unarmed Combat
  1655 | D:3      | Found a sparkling altar of Nemelex Xobeh.
  1657 | D:3      | Noticed a bullfrog
  1663 | D:3      | Killed a bullfrog
  1663 | D:3      | Reached XP level 5. HP: 20/42 MP: 6/8
  1843 | D:3      | You fall into a shaft and drop 3 floors!
  1875 | D:6      | Reached skill level 6 in Unarmed Combat
  2360 | D:6      | Reached XP level 6. HP: 44/50 MP: 9/9
  2548 | D:5      | Entered Level 5 of the Dungeon
  2555 | D:6      | Reached skill level 7 in Unarmed Combat
  2858 | D:5      | Found Vooh Ragei's Gadget Shop.
  2907 | D:4      | Found a staircase to the Ecumenical Temple.
  2915 | Temple   | Entered the Ecumenical Temple
  3059 | D:5      | Found a basalt altar of Yredelemnul.
  3094 | D:5      | Your scales start taking on an icy white colour.
  3094 | D:5      | Reached XP level 7. HP: 45/57 MP: 7/10
  3094 | D:5      | Gained mutation: Your flesh is cold resistant. (rC+) [White
                  | Draconian growth]
  3109 | D:5      | Found Livod's Antique Armour Boutique.
  3239 | D:5      | Noticed Grinder
  3250 | D:5      | Paralysed by Grinder for 7 turns
  3266 | D:5      | Paralysed by Grinder for 3 turns
  3277 | D:5      | Killed Grinder
  3277 | D:5      | Reached skill level 8 in Unarmed Combat
  3288 | D:5      | Found Qiucuc Exao's Jewellery Shop.
  3416 | D:5      | Found Piasit's Armour Shoppe.
  3724 | D:4      | Reached skill level 9 in Unarmed Combat
  3847 | D:4      | Reached XP level 8. HP: 61/64 MP: 9/11
  4312 | D:4      | Found an iron altar of Okawaru.
  4312 | D:4      | Found a sacrificial altar of Ru.
  4315 | D:4      | Became a worshipper of Warmaster Okawaru
  4562 | D:5      | Found a burning altar of Makhleb.
  4648 | D:5      | Found Aguev's Antique Armour Emporium.
  4707 | D:5      | Learned a level 3 spell: Spider Form
  4720 | D:5      | Learned a level 4 spell: Ice Form
  5330 | D:6      | Reached skill level 10 in Unarmed Combat
  5518 | D:6      | Reached skill level 1 in Ice Magic
  5523 | D:6      | Reached * piety under Okawaru
  5523 | D:6      | Reached skill level 1 in Poison Magic
  5523 | D:6      | Reached skill level 1 in Invocations
  5560 | D:6      | Found a snail-covered altar of Cheibriados.
  5839 | D:7      | Noticed a two-headed ogre
  5912 | D:7      | Killed a two-headed ogre
  5912 | D:7      | Reached ** piety under Okawaru
  5912 | D:7      | Reached XP level 9. HP: 65/72 MP: 8/14
  5953 | D:7      | Found a snail-covered altar of Cheibriados.
  6466 | D:7      | Found an opulent altar of Gozag.
  6518 | D:7      | Found Qekkuora's Magic Scroll Boutique.
  6538 | D:7      | Bought a scroll of random uselessness for 15 gold pieces
  6538 | D:7      | Bought a scroll of identify for 30 gold pieces
  6538 | D:7      | Bought a scroll of identify for 30 gold pieces
  6538 | D:7      | Bought a scroll of fear for 52 gold pieces
  6766 | D:8      | Reached skill level 5 in Fighting
  7141 | D:8      | Noticed Pikel
  7180 | D:8      | Killed Pikel
  7180 | D:8      | Reached *** piety under Okawaru
  7180 | D:8      | Reached skill level 5 in Spellcasting
  7180 | D:8      | Reached skill level 5 in Transmutations
  7243 | D:8      | Noticed Erica
  8104 | D:8      | Found a glowing silver altar of Zin.
  8258 | D:8      | Found a stormy altar of Qazlal.
  8259 | D:8      | Found a hide-covered altar of Uskayaw.
  8313 | D:8      | Reached XP level 10. HP: 81/81 MP: 10/18
  8779 | D:7      | Slain by Erica

Levels and vault maps discovered:
D:1:      saegor_arrival_under_anarchy, layout_loops_ring
D:2:      layout_rooms, old_standard_altar
D:3:      layout_basic, marbit_many_paths
D:4:      layout_loops_cross, gammafunk_temple_overflow_elements,
          minmay_temple_entry_from_below_b
D:5:      layout_cave_pools, lemuel_coloured_pillars_altar, old_standard_altar,
          serial_shops, shop, shop_fountains, shop, kennysheep_little_box, shop,
          first_ration, uniq_grinder
D:6:      layout_cave_pools, slow_altar_2, minmay_gold_behind_fungi
D:7:      layout_loops_ring, lemuel_doored_altar, basic_altar, serial_shops,
          nicolae_shop_waterfront
D:8:      layout_layer_cave, zin_scriptorium, gammafunk_temple_overflow_pools,
          grunt_pizzeria, uniq_pikel, uniq_erica
Temple:   jpeg_temple_clearing

Skill      XL: |  1  2  3  4  5  6  7  8  9 10 |
---------------+-------------------------------+-----
Unarmed Combat | 4 5 6 7 9 10 | 10.0
Fighting       | 2 3 4 5 |  5.0
Ice Magic      | 2 4 |  4.0
Poison Magic   | 2 |  2.0
Invocations    | 2 4 |  4.3
Transmutations | 3 5 6 |  6.4
Spellcasting   | 3 5 |  5.3
Dodging        | |  1.7

Action                   |  1- 3 |  4- 6 |  7- 9 | 10-12 || total
-------------------------+-------+-------+-------+-------++-------
Melee: Unarmed           |   128 |   135 |   345 |    33 ||   641
       Headbutt          |     9 |     3 |    13 |       ||    25
       Tailslap          |     4 |    23 |    34 |       ||    61
       Kick              |     5 |    17 |    14 |       ||    36
       Punch             |     3 |     4 |     6 |       ||    13
 Cast: Beastly Appendage |    23 |    23 |    33 |       ||    79
       Spider Form       |       |       |    16 |     3 ||    19
       Ice Form          |       |       |     2 |     1 ||     3
Invok: Heroism           |       |       |     1 |       ||     1
  Use: Potion            |       |     1 |       |       ||     1
       Scroll            |       |       |    14 |       ||    14
 Stab: Sleeping          |       |       |     2 |       ||     2
  Eat: Ration            |       |     2 |     3 |       ||     5
       Chunk             |       |     1 |    10 |       ||    11
Armor: Skin              |    50 |    42 |    48 |     6 ||   146
Dodge: Dodged            |    74 |    95 |   179 |    14 ||   362
